HSSL
H.H. DOW HS CHARGERS @ EVANS HS KNIGHTS
05/03/2024
 
TOP OF THE 1ST
H.H. Dow HS Chargers batting - Pitching for Evans HS Knights : LHP Henry Pacheco
Pitching: LHP Henry Pacheco
Batting: RHB Kris Ballard 0-0: Reached on Error, E9 (Flyball, 9LM)
Pitching: RHP Jeff Beatty
Batting: LHB Larry Battle 0-0: Ball
Kris Ballard steals 2nd base
1-0: Called Strike
1-1: Ball
2-1: Fly out, F7 (Line Drive, 7M)
Batting: RHB John Small 0-0: Ball
1-0: Foul Ball, location: 2F
1-1: Ball
2-1: Foul Ball, location: 2F
2-2: Strikes out looking
Batting: RHB Stan Webb 0-0: Foul Ball, location: 2F
0-1: Ball
1-1: Swinging Strike
1-2: Ball
2-2: Ball
3-2: Foul Ball, location: 2F
3-2: Base on Balls
Batting: SHB Carlton Moreno 0-0: Swinging Strike
0-1: Ball
1-1: 3-RUN HOME RUN (Flyball, 7D), Distance : 393 ft
Batting: LHB Paul Cotton 0-0: Ball
1-0: Foul Ball, location: 2F
1-1: Ball
2-1: Foul Ball, location: 2F
2-2: Foul Ball, location: 2F
2-2: Strikes out swinging
Top of the 1st over - 3 run(s), 1 hit(s), 1 error(s), 0 left on base; H.H. Dow HS 3 - Evans HS 0
BOTTOM OF THE 1ST
Evans HS Knights batting - Pitching for H.H. Dow HS Chargers : RHP Junior Pineault
Pitching: RHP Junior Pineault
Batting: RHB Bill Rice 0-0: SINGLE (Flyball, 89M)
Batting: RHB Michael Stevenson 0-0: Called Strike
0-1: Foul Ball, location: 2F
0-2: Strikes out swinging
Batting: LHB Bill McCraney 0-0: Ball
1-0: Foul Ball, location: 2F
1-1: Reached on error, E5 (Groundball, 56)
Bill Rice to second
Batting: LHB Michael Wilson 0-0: Foul Ball, location: 2F
0-1: Swinging Strike
0-2: Ball
1-2: Ball
2-2: Foul Ball, location: 2F
2-2: Foul Ball, location: 2F
2-2: Strikes out swinging
Batting: RHB Tom Stoltz 0-0: Ball
1-0: Called Strike
1-1: Ball
2-1: Foul Ball, location: 2F
2-2: Foul Ball, location: 2F
2-2: Strikes out swinging
Bottom of the 1st over - 0 run(s), 1 hit(s), 1 error(s), 2 left on base; H.H. Dow HS 3 - Evans HS 0
TOP OF THE 2ND
H.H. Dow HS Chargers batting - Pitching for Evans HS Knights : RHP Jeff Beatty
Batting: LHB Steven Gregory 0-0: Called Strike
0-1: Foul Ball, location: 2F
0-2: Strikes out looking
Batting: LHB Gary Powers 0-0: Foul Ball, location: 2F
0-1: Swinging Strike
0-2: Ball
1-2: Ball
2-2: Ball
3-2: SINGLE (Line Drive, 34D)
Batting: RHB Sidney Boyd 0-0: Called Strike
0-1: Ball
1-1: Ball
2-1: Ball
3-1: Base on Balls
Gary Powers to second
Batting: RHB Kris Ballard 0-0: Ball
1-0: Ball
2-0: Called Strike
2-1: Ball
3-1: Base on Balls
Gary Powers to third
Sidney Boyd to second
Batting: LHB Larry Battle 0-0: Ball
Wild Pitch!
Gary Powers scores
Sidney Boyd to third
Kris Ballard to second
1-0: Ball
2-0: Called Strike
2-1: Ball
3-1: Foul Ball, location: 2F
3-2: Base on Balls
Pitching: LHP Marc Fontenot
Batting: RHB John Small 0-0: Called Strike
0-1: Foul Ball, location: 2F
0-2: Ball
1-2: Strikes out swinging
Batting: RHB Stan Webb 0-0: Ball
1-0: Ball
2-0: Ball
3-0: Base on Balls
Sidney Boyd scores
Kris Ballard to third
Larry Battle to second
Batting: SHB Carlton Moreno 0-0: Foul Ball, location: 2F
0-1: Ground out 3-1 (Groundball, 34)
Top of the 2nd over - 2 run(s), 1 hit(s), 0 error(s), 3 left on base; H.H. Dow HS 5 - Evans HS 0
BOTTOM OF THE 2ND
Evans HS Knights batting - Pitching for H.H. Dow HS Chargers : RHP Junior Pineault
Batting: LHB Gerald Murphy 0-0: Ball
1-0: Swinging Strike
1-1: Called Strike
1-2: Ball
2-2: Strikes out swinging
Batting: SHB Bryan Atkins 0-0: Ball
1-0: SOLO HOME RUN (Flyball, 9D), Distance : 378 ft
Batting: RHB John Eaves 0-0: Fly out, F8 (Flyball, 8RS)
Batting: RHB David Banks 0-0: Ball
1-0: Called Strike
1-1: Called Strike
1-2: Ball
2-2: Strikes out swinging
Bottom of the 2nd over - 1 run(s), 1 hit(s), 0 error(s), 0 left on base; H.H. Dow HS 5 - Evans HS 1
TOP OF THE 3RD
H.H. Dow HS Chargers batting - Pitching for Evans HS Knights : LHP Marc Fontenot
Batting: LHB Paul Cotton 0-0: Swinging Strike
0-1: Swinging Strike
0-2: Ball
1-2: Ball
2-2: Ball
3-2: Base on Balls
Batting: LHB Steven Gregory 0-0: Ball
1-0: Called Strike
1-1: Swinging Strike
1-2: Fielders Choice at 2nd, 4-6 (Groundball, 4)
Batting: LHB Gary Powers 0-0: Foul Ball, location: 2F
0-1: Foul Ball, location: 2F
0-2: Foul Ball, location: 2F
0-2: Ball
Steven Gregory steals 2nd base
1-2: Ball
2-2: Ball
3-2: SINGLE (Groundball, 34D)
Steven Gregory to third
Batting: RHB Sidney Boyd 0-0: Ball
Passed Ball!
Steven Gregory scores
Gary Powers to second
1-0: Ball
2-0: Called Strike
2-1: Ball
3-1: Base on Balls
Batting: RHB Kris Ballard 0-0: Reached on error, E5 (Groundball, 5)
Gary Powers to third
Sidney Boyd to second
Batting: LHB Larry Battle 0-0: Swinging Strike
0-1: Foul Ball, location: 2F
0-2: Strikes out swinging
Batting: RHB John Small 0-0: Ball
1-0: Foul Ball, location: 2F
1-1: Called Strike
1-2: Ball
2-2: Foul Ball, location: 2F
2-2: Foul Ball, location: 2F
2-2: Foul Ball, location: 2F
2-2: Ball
3-2: Base on Balls
Gary Powers scores
Sidney Boyd to third
Kris Ballard to second
Batting: RHB Stan Webb 0-0: Hit by Pitch
Sidney Boyd scores
Kris Ballard to third
John Small to second
Batting: SHB Carlton Moreno 0-0: Ball
1-0: Swinging Strike
1-1: Swinging Strike
1-2: Strikes out swinging
Top of the 3rd over - 3 run(s), 1 hit(s), 1 error(s), 3 left on base; H.H. Dow HS 8 - Evans HS 1
BOTTOM OF THE 3RD
Evans HS Knights batting - Pitching for H.H. Dow HS Chargers : RHP Junior Pineault
Batting: RHB Bill Rice 0-0: Swinging Strike
0-1: Ball
1-1: Foul Ball, location: 2F
1-2: Ball
2-2: Strikes out looking
Batting: RHB Michael Stevenson 0-0: Called Strike
0-1: Foul Ball, location: 2F
0-2: Ground out 5-3 (Groundball, 5)
Batting: LHB Bill McCraney 0-0: Ground out 4-3 (Groundball, 4)
Bottom of the 3rd over - 0 run(s), 0 hit(s), 0 error(s), 0 left on base; H.H. Dow HS 8 - Evans HS 1
TOP OF THE 4TH
H.H. Dow HS Chargers batting - Pitching for Evans HS Knights : LHP Marc Fontenot
Batting: LHB Paul Cotton 0-0: Ball
1-0: Ball
2-0: Foul Ball, location: 2F
2-1: Ball
3-1: Fly out, F9 (Line Drive, 89S)
Pitching: RHP Paul Bryant
Batting: LHB Steven Gregory 0-0: Called Strike
0-1: Ball
1-1: Swinging Strike
1-2: Strikes out swinging
Batting: LHB Gary Powers 0-0: Called Strike
0-1: Called Strike
0-2: Ball
1-2: Foul Ball, location: 2F
1-2: Foul Ball, location: 2F
1-2: Strikes out swinging
Top of the 4th over - 0 run(s), 0 hit(s), 0 error(s), 0 left on base; H.H. Dow HS 8 - Evans HS 1
BOTTOM OF THE 4TH
Evans HS Knights batting - Pitching for H.H. Dow HS Chargers : RHP Junior Pineault
Batting: LHB Michael Wilson 0-0: Ball
1-0: Ball
2-0: Ground out 1-3 (Groundball, 13S)
Batting: RHB Tom Stoltz 0-0: Called Strike
0-1: Ground out 4-3 (Groundball, 4)
Batting: LHB Gerald Murphy 0-0: TRIPLE (Line Drive, 7LS)
Batting: SHB Bryan Atkins 0-0: Ball
1-0: Called Strike
1-1: Ball
2-1: Foul Ball, location: 2F
2-2: SINGLE (Groundball, 25) (infield hit)
Gerald Murphy scores
Batting: RHB John Eaves 0-0: Called Strike
0-1: Ball
1-1: Ball
Throwing error on steal attempt, E2
Bryan Atkins to third
2-1: Ground out 4-3 (Groundball, 4)
Bottom of the 4th over - 1 run(s), 2 hit(s), 1 error(s), 1 left on base; H.H. Dow HS 8 - Evans HS 2
TOP OF THE 5TH
H.H. Dow HS Chargers batting - Pitching for Evans HS Knights : RHP Paul Bryant
Batting: RHB Sidney Boyd 0-0: Ball
1-0: Foul Ball, location: 2F
1-1: Ball
2-1: Swinging Strike
2-2: Strikes out swinging
Batting: RHB Kris Ballard 0-0: Ball
1-0: Ball
2-0: Ball
3-0: Base on Balls
Batting: LHB Larry Battle 0-0: Ball
1-0: Fly out, F8 (Flyball, 8LM)
Batting: RHB John Small 0-0: Ball
Kris Ballard is caught stealing 2nd base
Top of the 5th over - 0 run(s), 0 hit(s), 0 error(s), 0 left on base; H.H. Dow HS 8 - Evans HS 2
BOTTOM OF THE 5TH
Evans HS Knights batting - Pitching for H.H. Dow HS Chargers : RHP Junior Pineault
Batting: RHB David Banks 0-0: Ball
1-0: Fly out, F5 (Popup, 5S)
Batting: RHB Bill Rice 0-0: Called Strike
0-1: Fly out, F8 (Flyball, 8RS)
Batting: RHB Michael Stevenson 0-0: Ball
1-0: Ball
2-0: Ball
3-0: Called Strike
3-1: Foul Ball, location: 2F
3-2: Fly out, F4 (Line Drive, 4)
Bottom of the 5th over - 0 run(s), 0 hit(s), 0 error(s), 0 left on base; H.H. Dow HS 8 - Evans HS 2
TOP OF THE 6TH
H.H. Dow HS Chargers batting - Pitching for Evans HS Knights : RHP Paul Bryant
Batting: RHB John Small 0-0: Fly out, F6 (Line Drive, 6)
Batting: RHB Stan Webb 0-0: Ball
1-0: Called Strike
1-1: Swinging Strike
1-2: SINGLE (Flyball, 89S)
Batting: SHB Carlton Moreno 0-0: Called Strike
0-1: Swinging Strike
0-2: Ball
1-2: Foul Ball, location: 2F
1-2: Strikes out swinging
Batting: LHB Paul Cotton 0-0: Ball
1-0: Foul Ball, location: 2F
1-1: Ball
2-1: Called Strike
2-2: Strikes out looking
Top of the 6th over - 0 run(s), 1 hit(s), 0 error(s), 1 left on base; H.H. Dow HS 8 - Evans HS 2
BOTTOM OF THE 6TH
Evans HS Knights batting - Pitching for H.H. Dow HS Chargers : RHP Junior Pineault
Batting: LHB Bill McCraney 0-0: Foul Ball, location: 2F
0-1: Fly out, F6 (Line Drive, 6)
Batting: LHB Michael Wilson 0-0: Ball
1-0: Called Strike
1-1: Ball
2-1: Ground out 4-3 (Groundball, 4)
Batting: RHB Tom Stoltz 0-0: Ball
1-0: Ground out 4-3 (Groundball, 4)
Bottom of the 6th over - 0 run(s), 0 hit(s), 0 error(s), 0 left on base; H.H. Dow HS 8 - Evans HS 2
TOP OF THE 7TH
H.H. Dow HS Chargers batting - Pitching for Evans HS Knights : RHP Paul Bryant
Pitching: LHP Harry Arthur
Batting: LHB Steven Gregory 0-0: Called Strike
0-1: Ball
1-1: Ball
2-1: Called Strike
2-2: Fly out, F6 (Popup, 6MD)
Batting: LHB Gary Powers 0-0: SOLO HOME RUN (Line Drive, 9D), Distance : 399 ft
Batting: RHB Sidney Boyd 0-0: Called Strike
0-1: Ball
1-1: Ball
2-1: Foul Ball, location: 2F
2-2: Strikes out swinging
Batting: RHB Kris Ballard 0-0: Ball
1-0: Ball
2-0: Ball
3-0: Base on Balls
Batting: LHB Larry Battle 0-0: Foul Ball, location: 2F
0-1: Called Strike
0-2: Strikes out swinging
Top of the 7th over - 1 run(s), 1 hit(s), 0 error(s), 1 left on base; H.H. Dow HS 9 - Evans HS 2
BOTTOM OF THE 7TH
Evans HS Knights batting - Pitching for H.H. Dow HS Chargers : RHP Junior Pineault
Batting: LHB Gerald Murphy 0-0: Swinging Strike
0-1: Ball
1-1: Foul Ball, location: 2F
1-2: Foul Ball, location: 2F
1-2: Strikes out swinging
Pitching: RHP Albert Holcomb
Batting: SHB Bryan Atkins 0-0: SOLO HOME RUN (Flyball, 9LD), Distance : 346 ft
Batting: RHB John Eaves 0-0: Called Strike
0-1: Ball
1-1: Foul Ball, location: 2F
1-2: Strikes out swinging
Batting: RHB David Banks 0-0: Ball
1-0: Ball
2-0: Called Strike
2-1: Foul Ball, location: 2F
2-2: Strikes out swinging
Bottom of the 7th over - 1 run(s), 1 hit(s), 0 error(s), 0 left on base; H.H. Dow HS 9 - Evans HS 3
TOP OF THE 8TH
H.H. Dow HS Chargers batting - Pitching for Evans HS Knights : LHP Harry Arthur
Batting: RHB John Small 0-0: Called Strike
0-1: Foul Ball, location: 2F
0-2: Strikes out looking
Batting: RHB Stan Webb 0-0: Ball
1-0: Ball
2-0: SOLO HOME RUN (Flyball, 89XD), Distance : 406 ft
Batting: SHB Carlton Moreno 0-0: Ball
1-0: Swinging Strike
1-1: SOLO HOME RUN (Flyball, 7D), Distance : 397 ft
Batting: LHB Paul Cotton 0-0: Foul Ball, location: 2F
0-1: Called Strike
0-2: Ball
1-2: Ball
2-2: Ball
3-2: Ground out 1-4-3 (Groundball, 15S)
Batting: LHB Steven Gregory 0-0: Ball
1-0: Swinging Strike
1-1: Ball
2-1: SINGLE (Line Drive, 56)
Batting: LHB Gary Powers 0-0: Ball
1-0: Ball
2-0: Called Strike
2-1: Foul Ball, location: 2F
2-2: Fly out, F8 (Flyball, 8RM)
Top of the 8th over - 2 run(s), 3 hit(s), 0 error(s), 1 left on base; H.H. Dow HS 11 - Evans HS 3
BOTTOM OF THE 8TH
Evans HS Knights batting - Pitching for H.H. Dow HS Chargers : RHP Albert Holcomb
Batting: RHB Bill Rice 0-0: Ball
1-0: SINGLE (Groundball, 5)
Batting: RHB Michael Stevenson 0-0: Ball
1-0: Ball
2-0: Ball
3-0: Called Strike
3-1: Base on Balls
Bill Rice to second
Batting: LHB Bill McCraney 0-0: Ball
1-0: Ball
2-0: Called Strike
2-1: Fly out, F4 (Popup, 9LS)
Batting: LHB Michael Wilson 0-0: Ball
1-0: Ball
2-0: Called Strike
2-1: Ball
3-1: Base on Balls
Bill Rice to third
Michael Stevenson to second
Batting: RHB Tom Stoltz 0-0: Fly out, F4 (Popup, 4D)
Batting: LHB Gerald Murphy 0-0: Swinging Strike
0-1: Foul Ball, location: 2F
0-2: GRAND SLAM HOME RUN (Flyball, 78XD), Distance : 435 ft
Batting: SHB Bryan Atkins 0-0: Ball
1-0: Ball
2-0: Called Strike
2-1: Ball
3-1: Called Strike
3-2: Base on Balls
Pitching: RHP Desi Smith
Batting: RHB John Eaves 0-0: Ball
1-0: 2-RUN HOME RUN (Flyball, 7D), Distance : 378 ft
Batting: RHB David Banks 0-0: Called Strike
0-1: Ball
1-1: Swinging Strike
1-2: Ball
2-2: Strikes out swinging
Bottom of the 8th over - 6 run(s), 3 hit(s), 0 error(s), 0 left on base; H.H. Dow HS 11 - Evans HS 9
TOP OF THE 9TH
H.H. Dow HS Chargers batting - Pitching for Evans HS Knights : LHP Harry Arthur
Pitching: RHP Rob Cline
Batting: RHB Sidney Boyd 0-0: Ball
1-0: Called Strike
1-1: Foul Ball, location: 2F
1-2: Ball
2-2: SINGLE (Line Drive, 7LS)
Batting: RHB Kris Ballard 0-0: Foul Ball, location: 2F
0-1: Ball
1-1: DOUBLE (Flyball, 89M)
Sidney Boyd to third
Batting: LHB Larry Battle 0-0: Ball
1-0: Ball
2-0: Ball
3-0: Base on Balls
Batting: RHB John Small 0-0: Ball
1-0: SINGLE (Groundball, 6)
Sidney Boyd scores
Kris Ballard to third
Larry Battle to second
Runner from 3rd tries for Home, SAFE, no throw or cutoff
Batting: RHB Stan Webb 0-0: Ball
1-0: Foul Ball, location: 2F
1-1: Fly out, F8 (Flyball, 8RS)
Batting: SHB Carlton Moreno 0-0: Ball
1-0: Ball
Larry Battle is caught stealing 3rd base
John Small to second
2-0: Fly out, F9 (Flyball, 89M)
Top of the 9th over - 2 run(s), 3 hit(s), 0 error(s), 1 left on base; H.H. Dow HS 13 - Evans HS 9
BOTTOM OF THE 9TH
Evans HS Knights batting - Pitching for H.H. Dow HS Chargers : RHP Desi Smith
Batting: RHB Bill Rice 0-0: Called Strike
0-1: Ball
1-1: SINGLE (Flyball, 89S)
Batting: RHB Michael Stevenson 0-0: Ball
1-0: Ball
2-0: Called Strike
2-1: Ball
3-1: Called Strike
3-2: Base on Balls
Bill Rice to second
Pitching: RHP Alex Gómez
Batting: LHB Bill McCraney 0-0: Ball
1-0: Ball
2-0: SINGLE (Groundball, 34S)
Bill Rice to third
Michael Stevenson to second
Batting: LHB Michael Wilson 0-0: SINGLE (Line Drive, 9M)
Bill Rice scores
Michael Stevenson to third
Bill McCraney to second
Batting: RHB Tom Stoltz 0-0: Ball
1-0: Ball
2-0: Ball
3-0: Called Strike
3-1: Foul Ball, location: 2F
3-2: Base on Balls
Michael Stevenson scores
Bill McCraney to third
Michael Wilson to second
Batting: LHB Gerald Murphy 0-0: SINGLE (Line Drive, 4D)
Bill McCraney scores
Michael Wilson to third
Tom Stoltz to second
Runner from 3rd tries for Home, SAFE, no throw or cutoff
Batting: SHB Bryan Atkins 0-0: Ball
1-0: Sac Bunt - play at first, batter OUT! 5-4
Tom Stoltz to third
Gerald Murphy to second
Batting: RHB John Eaves 0-0: Intentional Walk
Batting: RHB David Banks 0-0: Foul Ball, location: 2F
0-1: Swinging Strike
0-2: Ball
1-2: Strikes out swinging
Batting: RHB Bill Rice 0-0: Ball
1-0: Foul Ball, location: 2F
1-1: Ball
2-1: Fly out, F7 (Line Drive, 78S)
Bottom of the 9th over - 4 run(s), 4 hit(s), 0 error(s), 3 left on base; H.H. Dow HS 13 - Evans HS 13
TOP OF THE 10TH
H.H. Dow HS Chargers batting - Pitching for Evans HS Knights : RHP Rob Cline
Batting: LHB Paul Cotton 0-0: Ball
1-0: Ball
2-0: Called Strike
2-1: Ball
3-1: Base on Balls
Batting: LHB Steven Gregory 0-0: Bunted foul
0-1: Bunt missed!
0-2: Foul Ball, location: 2F
0-2: Ball
1-2: SINGLE (Flyball, 7S)
Paul Cotton to second
Batting: LHB Gary Powers 0-0: Foul Ball, location: 2F
0-1: Foul Ball, location: 2F
0-2: Ball
1-2: Foul Ball, location: 2F
1-2: Fly out, F7 (Flyball, 78M)
Batting: RHB Sidney Boyd 0-0: Ball
1-0: Swinging Strike
1-1: Swinging Strike
1-2: Strikes out swinging
Batting: RHB Kris Ballard 0-0: Fly out, F4 (Popup, 9S)
Top of the 10th over - 0 run(s), 1 hit(s), 0 error(s), 2 left on base; H.H. Dow HS 13 - Evans HS 13
BOTTOM OF THE 10TH
Evans HS Knights batting - Pitching for H.H. Dow HS Chargers : RHP Alex Gómez
Batting: RHB Michael Stevenson 0-0: SINGLE (Groundball, 13) (infield hit)
Batting: LHB Bill McCraney 0-0: Called Strike
0-1: Swinging Strike
0-2: Ball
1-2: Strikes out swinging
Batting: LHB Michael Wilson 0-0: Called Strike
0-1: DOUBLE (Flyball, 9M)
Michael Stevenson to third
Batting: RHB Tom Stoltz 0-0: Intentional Walk
Batting: LHB Gerald Murphy 0-0: Fly out, F8 (Flyball, 8RS)
Batting: SHB Bryan Atkins 0-0: Ball
1-0: Called Strike
1-1: Foul Ball, location: 2F
1-2: Fly out, F8 (Flyball, 8RM)
Bottom of the 10th over - 0 run(s), 2 hit(s), 0 error(s), 3 left on base; H.H. Dow HS 13 - Evans HS 13
TOP OF THE 11TH
H.H. Dow HS Chargers batting - Pitching for Evans HS Knights : RHP Rob Cline
Pitching: RHP Ronnie Johnston
Batting: LHB Larry Battle 0-0: Foul Ball, location: 2F
0-1: Swinging Strike
0-2: Ball
1-2: Ball
2-2: Foul Ball, location: 2F
2-2: Ball
3-2: Ground out 6-3 (Groundball, 6M)
Batting: RHB John Small 0-0: Ball
1-0: DOUBLE (Flyball, 7LD)
Batting: RHB Stan Webb 0-0: Intentional Walk
Batting: SHB Carlton Moreno 0-0: Ball
1-0: Called Strike
1-1: Ball
Passed Ball!
John Small to third
Stan Webb to second
2-1: Foul Ball, location: 2F
2-2: Ball
3-2: Base on Balls
Batting: LHB Paul Cotton 0-0: Swinging Strike
0-1: Called Strike
0-2: Foul Ball, location: 2F
0-2: Foul Ball, location: 2F
0-2: Strikes out swinging
Batting: LHB Steven Gregory 0-0: Ball
1-0: Called Strike
1-1: Called Strike
1-2: Strikes out swinging
Top of the 11th over - 0 run(s), 1 hit(s), 0 error(s), 3 left on base; H.H. Dow HS 13 - Evans HS 13
BOTTOM OF THE 11TH
Evans HS Knights batting - Pitching for H.H. Dow HS Chargers : RHP Alex Gómez
Pitching: LHP Russ Maule
Batting: RHB John Eaves 0-0: Foul Ball, location: 2F
0-1: Hit by Pitch
Batting: RHB David Banks 0-0: Foul Ball, location: 2F
0-1: Foul Ball, location: 2F
0-2: Ball
1-2: Ball
2-2: Ball
3-2: Strikes out swinging
Batting: RHB Bill Rice 0-0: Called Strike
0-1: Fly out, F8 (Flyball, 8RM)
Batting: RHB Michael Stevenson 0-0: Ball
1-0: Called Strike
John Eaves steals 2nd base
1-1: Ball
2-1: SINGLE (Groundball, 6D)
John Eaves to third
Runner from 3rd tries for Home, SAFE, no throw or cutoff
This league is powered by Out of the Park Baseball, the baseball management simulation game for PC, Mac and Linux
Saturday, April 9th, 2016 - OOTP Baseball 16.8 Build 38